 Dungeon Crawl Stone Soup version 0.17-a0-1900-g45e8110 (webtiles) character file.

23 derrpe the Poker (level 2, -1/26 HPs)
             Began as a Naga Warper on Sept 24, 2015.
             Slain by a jackal (2 damage)
             ... on level 1 of the Dungeon.
             The game lasted 00:01:17 (733 turns).

derrpe the Poker (Naga Warper)                       Turns: 733, Time: 00:01:17

Health: -1/26      AC:  2    Str: 13    XL:     2   Next: 95%
Magic:  5/5        EV:  9    Int: 13    God:
Gold:   60         SH:  0    Dex: 10    Spells: 1 memorised, 4 levels left

rFire  . . .     SeeInvis +     a - +0 spear
rCold  . . .     Clarity  .     b - +0 leather armour
rNeg   . . .     SustAt   .     (no shield)
rPois  +         Gourm    .     (no helmet)
rElec  .         Spirit   .     (no cloak)
rCorr  .         Warding  .     (no gloves)
rMut   .         Stasis   .     (no barding)
MR     .....                    (no amulet)
Stlth  +.........               (no ring)
                                (no ring)

@: short of breath, very slow, not resistant to hostile enchantments, very
unstealthy
A: see invisible, deformed body, poison resistance, slowness 2, slow metabolism
1, spit poison 2, AC +0
a: Spit Poison


You were on level 1 of the Dungeon.
You were not hungry.

You visited 1 branch of the dungeon, and saw 1 of its levels.

You collected 60 gold pieces.

Inventory:

Hand weapons
 a - a +0 spear (weapon)
Missiles
 e - 5 tomahawks of dispersal (quivered)
 j - 18 bolts
Armour
 b - a +0 leather armour (worn)
Scrolls
 d - a scroll of blinking
 g - 3 scrolls of remove curse {unknown}
Potions
 h - a potion of cancellation {unknown}
Books
 c - a book of Spatial Translocations

   Spells                             Type                      Level
   a - Apportation                    Translocation                1
   b - Blink                          Translocation                2
   c - Shroud of Golubria             Charms/Translocation         2
   d - Portal Projectile              Translocation                3
   e - Teleport Other                 Translocation                3
   f - Passage of Golubria            Translocation                4
Comestibles
 f - a bread ration {@e1}
 i - 4 chunks of flesh {@w0}


   Skills:
 - Level 2.0 Fighting
 + Level 3.3 Polearms
 - Level 0.8 Throwing
 - Level 0.7 Armour
 - Level 1.5 Dodging
 - Level 2.0 Spellcasting
 - Level 3.0 Translocations


You had 4 spell levels left.
You knew the following spells:

 Your Spells              Type           Power        Failure   Level  Hunger
a - Apportation           Tloc           #.........   12%         1    ##.....


Dungeon Overview and Level Annotations

Branches:
Dungeon (1/15)

Altars:


Innate Abilities, Weirdness & Mutations

You cannot wear boots.
Your serpentine skin is tough (AC +0).
You have supernaturally acute eyesight.
Armour fits poorly on your strangely shaped body.
Your system is resistant to poisons.
You cover ground very slowly.
You have a slow metabolism.
You can spit poison.


Message History

The kobold hits you with a short sword.
You miss the kobold. The kobold hits you but does no damage.
You closely miss the kobold. The kobold hits you but does no damage.
You barely miss the jackal. The jackal barely misses you.
The kobold hits you with a short sword.
* * * LOW HITPOINT WARNING * * *
You closely miss the kobold. The jackal bites you.
* * * LOW HITPOINT WARNING * * *
The kobold hits you with a short sword.
* * * LOW HITPOINT WARNING * * *
An ooze comes into view.
Use which ability?
Press: ? - help, Shift-Dir - straight line, f - jackal
Aim: a jackal The splash of poison hits the jackal.
The jackal is poisoned.
You kill the jackal!
You feel slightly more hungry. The jackal bites you.
* * * LOW HITPOINT WARNING * * *
The ooze moves out of view.
The jackal bites you.
You die...

#### #.......#
....#####.......####
......(.............
#..####.......###
#............#
#..#..###....#
##...##$#....#
##..h#K##)###########.
#...†@##............#.
.....##...÷............#.
.#..##.#...##............
....#?##......#..(..###..
##. ###..............##..
# .................#.#
#...................#
###################.. #..


You could see a jackal and a kobold.

Vanquished Creatures
  An ooze (D:1)
  2 bats (D:1)
  A giant cockroach (D:1)
  3 goblins (D:1)
  2 hobgoblins (D:1)
  3 jackals (D:1)
  A giant newt (D:1)
  2 kobolds (D:1)
  5 rats (D:1)
20 creatures vanquished.

Notes
Turn   | Place    | Note
--------------------------------------------------------------
     0 | D:1      | derrpe the Naga Warper began the quest for the Orb.
     0 | D:1      | Reached XP level 1. HP: 19/19 MP: 3/3
   257 | D:1      | Reached XP level 2. HP: 20/26 MP: 5/5
   733 | D:1      | HP: 1/26 [jackal (1)]
   733 | D:1      | Slain by a jackal

Vault maps used:
D:1:      dpeg_cavernosity, minmay_bisected

Action                   || total
-------------------------++-------
Melee: Spear             ||    75
 Abil: Spit Poison       ||     3
